Map: Moonlight Madness LE (Void)

Players

ganahal - Winner!

  • Race: Terran Terran
  • League: Diamond

MarineKing

  • Race: Terran Terran
  • League: Diamond

VOD

Have the link to the VOD?

Description

Time

  • Played on: Oct. 16, 2015, 3:23 a.m.
  • Length: 3:57
Show
View Real Time Build Order
Export as new Build Order

ganahal Terran - Winner!

Build Orders:  

Get SALT Encoding   

  12  0:01  SCV  
  13  0:13  SCV  
  14  0:21  Supply Depot  
  14  0:25  SCV  
  15  0:37  Refinery  
  15  0:46  Barracks  
  15  0:59  Barracks  
  15  1:07  SCV  
  16  1:18  Barracks  
  16  1:27  Refinery  
  16  1:33  Reaper  
  16  1:37  SCV  
  18  1:47  Reaper  
  18  1:50  SCV  
  20  2:01  Supply Depot  
  20  2:06  Reaper  
  21  2:12  Reaper  
  22  2:19  Reaper  
  22  2:38  Reaper  
  23  2:45  Reaper  
  23  2:51  SCV, Reaper  
  24  3:10  Reaper  
  25  3:17  Reaper  
  27  3:23  Orbital Command  
Show
View Real Time Build Order
Export as new Build Order

MarineKing Terran 

Build Orders: Reaper Expand 

Get SALT Encoding   

  12  0:01  SCV  
  13  0:13  SCV  
  14  0:17  Supply Depot  
  14  0:25  SCV  
  15  0:39  SCV  
  15  0:41  Barracks  
  16  0:46  Refinery  
  16  0:51  SCV  
  17  1:03  SCV  
  18  1:15  SCV  
  19  1:28  Orbital Command  
  19  1:29  Reaper  
  20  1:35  Supply Depot  
  20  1:47  Command Center  
  20  1:55  SCV  
  21  2:03  Barracks Reactor  
  21  2:07  SCV  
  22  2:08  Refinery  
  22  2:19  SCV  
  23  2:26  Factory  
  23  2:31  SCV  
  23  2:49  Marine x2  
  25  2:57  Bunker  
  22  3:07  Marine x2  
  24  3:13  Hellion  
  22  3:21  SCV x2  
  22  3:24  Marine  
  22  3:25  Marine  
Tags
 
Add a new tag
Caveats
  • Supply blocks, unpowered buildings, or Contaminate may cause inaccurate times.
  • Supply counts are checked every 10 seconds.